 Dungeon Crawl Stone Soup version 0.31.0 (webtiles) character file.

Game seed: 14405538809619531224

2021 qw the Skirmisher (level 9, -4/55 HPs)
             Began as a Gargoyle Hunter on Jan 19, 2024.
             Killed from afar by an orc wizard (6 damage)
             ... with a magic dart
             ... on level 6 of the Dungeon.
             The game lasted 00:00:27 (4482 turns).

qw the Skirmisher (Gargoyle Hunter)                 Turns: 4482, Time: 00:00:28

Health: -4/55      AC: 13    Str: 16    XL:     9   Next: 23%
Magic:  9/9        EV: 12    Int:  9    God:
Gold:   484        SH:  0    Dex: 22    Spells: 8/8 levels left

rFire   . . .        a - +0 shortbow (freeze)
rCold   . . .        (shield currently unavailable)
rNeg    + + .        d - +0 ring mail of the Minstrel {rN+ Dex+5}
rPois   inf          (no helmet)
rElec   +            (no cloak)
rCorr   .            h - +0 pair of gloves
SInv    .            (no boots)
Will    .....        (no amulet)
Stlth   +            (no ring)
HPRegen 0.29/turn    (no ring)
MPRegen 0.11/turn

%: no passive effects
@: no status effects
A: sickness immunity, AC +6, negative energy resistance 1, electricity
resistance, torment resistance 1, petrification resistance
a: no special abilities


You were on level 6 of the Dungeon.
You visited 2 branches of the dungeon, and saw 7 of its levels.

You collected 484 gold pieces.


Innate Abilities, Weirdness & Mutations

You are immune to sickness and miasma.
Your stone body is resilient. (AC +6)
You are immune to poison.
You resist negative energy. (rN+)
You are resistant to electric shocks. (rElec)
You are resistant to unholy torment.
You are immune to petrification.


   Skills:
 + Level 6.0 Fighting
 - Level 10.0 Ranged Weapons
 - Level 4.6 Armour
 - Level 3.1 Dodging
 - Level 1.1 Stealth


You had 8 spell levels left.
You didn't know any spells.
Your spell library was empty.

Inventory:

Hand Weapons
 a - a +0 shortbow of freezing (weapon)
Armour
 d - the +0 ring mail of the Minstrel (worn) {rN+ Dex+5}
   (You found it on level 4 of the Dungeon)

   Dex+5:     It affects your dexterity (+5).
   rN+:       It protects you from negative energy.
 h - a +0 pair of gloves (worn)
Wands
 c - a wand of paralysis (3)
Scrolls
 f - a scroll of identify
 g - 2 scrolls of teleportation
Potions
 e - a potion of enlightenment
 j - 3 potions of curing

Dungeon Overview and Level Annotations

Branches:
Dungeon (6/15)             Temple (1/1) D:4

Altars:
Ashenzari
Cheibriados
Dithmenos
Elyvilon
Hepliaklqana
Kikubaaqudgha
Makhleb
Nemelex Xobeh
Ru
Sif Muna
Trog
Uskayaw
Vehumet
Wu Jian
Yredelemnul


Message History

A puff of flame appears from out of thin air!
The puff of flame hits you.
Things that are here:
a +3 flail; an orc skeleton An orc wizard appears from thin air!
Reactivating autopickup.
You hear some strange, mumbled words.
Deactivating autopickup; reactivate with Ctrl-A.
Something tries to affect you, but you resist.
There is an open door here.
You shoot an arrow. The arrow hits the orc wizard.
The arrow freezes the orc wizard.
The orc wizard is heavily wounded.
You shoot an arrow. The arrow barely misses the orc wizard.
The orc wizard mumbles some strange words.
The orc wizard flickers and vanishes!
You shoot an arrow. Something hits you but does no damage.
4472 ||| FLEEEEING.
An orc wizard appears from thin air!
Reactivating autopickup.
The orc wizard points at you and mumbles some strange words.
The magic dart hits you but does no damage.
You shoot an arrow.
The arrow hits the orc wizard but does no damage.
The orc wizard is severely wounded.
You shoot an arrow. The arrow hits the orc wizard!
The arrow freezes the orc wizard.
You kill the orc wizard!
A puff of flame appears from out of thin air!
Deactivating autopickup; reactivate with Ctrl-A.
The puff of flame hits you!
Your Ranged Weapons skill increases to level 10!
There is a stone staircase leading down here.
A magic dart appears from out of thin air!
The magic dart hits you!
You shoot an arrow.
A magic dart appears from out of thin air!
The magic dart hits you.
You die...

+# #.....)......# .###########
#.....#......# ..#........#
#######>.....#+##
..#.......######.........####..##
..#.......#.........{....#.....#.
.>###.....#...........>..#.....#.
.....########............#.....#.
~~~~~.%.....#............#.....#.
.....~~~~~~.#...@........#.....#.
#####.....~.#............#.....'.
#....####.~.#............#.##..##
#.~~~...#.~.#####'##+#####)######
#.~_.~~.#.~.##....#......))......
#.~...~.#.~.##....#..............
.~.#...#.~.#.'....#..............
.~.##._#.~.#.###+###..)..........
.~...###.~.#...<...#.............


There were no monsters in sight!

Vanquished Creatures
  Grinder (D:5)
  Sigmund (D:2)
  Eustachio (D:6)
  An ice beast (D:6)
  An ogre (D:5)
  2 gnoll sergeants (D:6)
  2 scorpions
  4 wights (D:6)
  An electric eel (D:6)
  A jelly (D:6)
  A bombardier beetle (D:5)
  Ijyb (D:4)
  2 hounds
  3 iguanas
  3 sleepcaps (D:4)
  Natasha (thrice) (D:2)
  Terence (D:2)
  5 orc wizards (D:6)
  10 gnolls (D:6)
  14 adders
  A shadow imp (D:5)
  3 white imps
  2 dart slugs (D:3)
  2 ribbon worms
  6 orcs
  7 endoplasms
  A giant cockroach (D:3)
  6 goblins
  10 hobgoblins
  5 kobolds
  5 quokkas
  10 ball pythons
  7 bats
  3 frilled lizards (D:1)
  2 rats
128 creatures vanquished.

Notes
Turn   | Place    | Note
-------+----------+-------------------------------------------
     0 | D:1      | qw the Gargoyle Hunter began the quest for the Orb.
     0 | D:1      | Reached XP level 1. HP: 12/12 MP: 1/1
     0 | D:1      | 0 ||| qw: Version: 0.3-a-132-g3d54051
     0 | D:1      | 0 ||| qw: Game counter: 23
     0 | D:1      | 0 ||| qw: Melee chars always use a shield: true
     0 | D:1      | 0 ||| qw: God list: Okawaru
     0 | D:1      | 0 ||| qw: Allow faded altars: false
     0 | D:1      | 0 ||| qw: Do Orc after clearing Dungeon:15 true
     0 | D:1      | 0 ||| qw: Do second Lair branch before Depths: true
     0 | D:1      | 0 ||| qw: Lair rune preference: random
     0 | D:1      | 0 ||| qw: Goals: Normal
     0 | D:1      | 0 ||| PLANNING D:1-11
    71 | D:1      | Reached XP level 2. HP: 17/17 MP: 2/2
   292 | D:1      | Reached XP level 3. HP: 21/21 MP: 3/3
   456 | D:1      | 456 ||| UPGRADING to +0 ring mail.
   466 | D:1      | 466 ||| DROPPING +0 leather armour.
   467 | D:1      | 467 ||| READING scroll labelled HOCRUU IRUWICS.
   483 | D:1      | 483 ||| READING 2 scrolls labelled INEALYA GUNLA.
   484 | D:1      | 484 ||| READING scroll labelled ZION ENIGI.
   484 | D:1      | 484 ||| BRANDING +0 shortbow.
   485 | D:1      | 485 ||| DRINKING 2 smoky sapphire potions.
   486 | D:1      | 486 ||| DROPPING scroll of butterflies.
   487 | D:1      | 487 ||| DROPPING scroll of poison.
   510 | D:2      | Noticed Sigmund
   512 | D:2      | 512 ||| DRINKING potion of curing.
   512 | D:2      | 512 ||| (to cure confusion)
   527 | D:2      | HP: 5/21 [Sigmund/+0 scythe (1)]
   528 | D:2      | Killed Sigmund
   529 | D:2      | Reached XP level 4. HP: 6/26 MP: 4/4
   529 | D:2      | Reached XP level 5. HP: 8/30 MP: 5/5
   529 | D:2      | 529 ||| FLEEEEING.
   530 | D:2      | 530 ||| STAIRDANCE
   634 | D:2      | Reached skill level 5 in Ranged Weapons
   648 | D:2      | Noticed Terence
   656 | D:2      | HP: 4/30 [Terence/+0 morningstar (7)]
   661 | D:2      | Killed Terence
   806 | D:2      | Identified the +0 robe of Makhleb's Favour {Dex+5}
   833 | D:2      | Noticed Natasha
   837 | D:2      | 837 ||| ZAPPING wand of flame (10) at -1,1 (Natasha;
                  | floor).
   838 | D:2      | 838 ||| ZAPPING wand of flame (9) at -1,1 (Natasha; floor).
   839 | D:2      | 839 ||| ZAPPING wand of flame (8) at -1,1 (Natasha; floor).
   840 | D:2      | 840 ||| ZAPPING wand of flame (7) at -1,1 (Natasha; floor).
   840 | D:2      | Killed Natasha
   841 | D:2      | Reached skill level 3 in Fighting
   841 | D:2      | Reached XP level 6. HP: 27/37 MP: 6/6
   841 | D:2      | 841 ||| FLEEEEING.
   940 | D:2      | Noticed Natasha
   943 | D:2      | Killed Natasha
  1070 | D:2      | Noticed Natasha
  1077 | D:2      | Killed Natasha
  1317 | D:2      | 1317 ||| UPGRADING to +0 robe of Makhleb's Favour {Dex+5}.
  1327 | D:2      | 1327 ||| DROPPING +0 ring mail.
  1328 | D:2      | 1328 ||| READING 2 scrolls labelled RINACH SUPRAPHUM.
  1328 | D:2      | 1328 ||| IDENTIFYING puce potion
  1329 | D:2      | 1329 ||| READING scroll of identify.
  1329 | D:2      | 1329 ||| IDENTIFYING yellow potion
  1330 | D:2      | 1330 ||| READING scroll labelled AMUICUBU RIZOE.
  1331 | D:2      | 1331 ||| READING scroll labelled ZENOHU CUSTIEV.
  1332 | D:2      | 1332 ||| READING scroll labelled TAMUKHLU HECZASU.
  1333 | D:2      | 1333 ||| FLEEEEING.
  1335 | D:2      | 1335 ||| DROPPING potion of invisibility.
  1336 | D:2      | 1336 ||| DROPPING potion of attraction.
  1369 | D:3      | Found a shimmering blue altar of Sif Muna.
  1527 | D:3      | 1527 ||| DRINKING 2 inky potions.
  1528 | D:3      | 1528 ||| DROPPING potion of brilliance.
  1830 | D:4      | 1830 ||| STAIRDANCE
  1963 | D:4      | Reached skill level 6 in Ranged Weapons
  1964 | D:4      | 1964 ||| FLEEEEING.
  2016 | D:4      | Reached XP level 7. HP: 41/41 MP: 7/7
  2021 | D:4      | Identified the +0 ring mail of the Minstrel {rN+ Dex+5}
  2050 | D:4      | Noticed Ijyb
  2075 | D:4      | Killed Ijyb
  2086 | D:4      | 2086 ||| FLEEEEING.
  2092 | D:4      | 2092 ||| STAIRDANCE
  2152 | D:3      | 2152 ||| UPGRADING to +0 ring mail of the Minstrel {rN+
                  | Dex+5}.
  2162 | D:3      | 2162 ||| DROPPING +0 robe of Makhleb's Favour {Dex+5}.
  2174 | D:4      | 2174 ||| DROPPING +0 sling of freezing.
  2184 | D:4      | Found a staircase to the Ecumenical Temple.
  2185 | D:4      | 2185 ||| PLANNING TEMPLE
  2210 | D:4      | 2210 ||| FLEEEEING.
  2237 | D:4      | 2237 ||| DRINKING 2 coppery potions.
  2250 | Temple   | Found a transporter.
  2250 | Temple   | Found a transporter.
  2250 | Temple   | Found a transporter.
  2250 | Temple   | Found a transporter.
  2250 | Temple   | Entered the Ecumenical Temple
  2251 | Temple   | 2251 ||| PLANNING D:1-11
  2811 | D:4      | 2811 ||| DROPPING scarf of shadows.
  2812 | D:4      | 2812 ||| READING scroll labelled FUN YFRENED.
  2812 | D:4      | 2812 ||| ENCHANTING +0 shortbow of freezing.
  2813 | D:4      | 2813 ||| READING scroll labelled CISE PEGIRAYS.
  2814 | D:4      | 2814 ||| READING scroll labelled XAHYDIA DENEI.
  2845 | D:5      | Entered Level 5 of the Dungeon
  3021 | D:5      | Found a sacrificial altar of Ru.
  3022 | D:5      | Noticed Grinder
  3023 | D:5      | 3023 ||| ZAPPING wand of paralysis (5) at -7,4 (Grinder;
                  | floor).
  3024 | D:5      | 3024 ||| RETREEEEATING.
  3041 | D:5      | Reached skill level 7 in Ranged Weapons
  3041 | D:5      | 3041 ||| ZAPPING wand of paralysis (4) at -1,2 (Grinder;
                  | floor).
  3047 | D:5      | Killed Grinder
  3048 | D:5      | Reached XP level 8. HP: 41/48 MP: 8/8
  3048 | D:5      | 3048 ||| FLEEEEING.
  3101 | D:5      | Reached skill level 8 in Ranged Weapons
  3209 | D:5      | 3209 ||| FLEEEEING.
  3210 | D:5      | 3210 ||| FLEEEEING.
  3211 | D:5      | 3211 ||| FLEEEEING.
  3628 | D:6      | 3628 ||| FLEEEEING.
  3634 | D:6      | 3634 ||| STAIRDANCE
  3716 | D:6      | 3716 ||| FLEEEEING.
  3842 | D:6      | Reached skill level 9 in Ranged Weapons
  3876 | D:6      | Reached skill level 6 in Fighting
  3876 | D:6      | 3876 ||| FLEEEEING.
  4003 | D:6      | Noticed Eustachio
  4012 | D:6      | Killed Eustachio
  4060 | D:6      | Found a snail-covered altar of Cheibriados.
  4061 | D:6      | Found a sparkling altar of Nemelex Xobeh.
  4121 | D:6      | Reached XP level 9. HP: 55/55 MP: 9/9
  4153 | D:6      | 4153 ||| FLEEEEING.
  4178 | D:6      | 4178 ||| FLEEEEING.
  4335 | D:6      | Reached skill level 3 in Dodging
  4412 | D:6      | 4412 ||| UPGRADING to +0 pair of gloves.
  4417 | D:6      | 4417 ||| READING 2 scrolls of identify.
  4417 | D:6      | 4417 ||| IDENTIFYING scroll labelled ELEZXA ACWARID
  4418 | D:6      | 4418 ||| DROPPING wand of flame (15).
  4419 | D:6      | 4419 ||| DROPPING scroll of summoning.
  4436 | D:6      | 4436 ||| FLEEEEING.
  4447 | D:6      | 4447 ||| FLEEEEING.
  4459 | D:6      | 4459 ||| FLEEEEING.
  4472 | D:6      | 4472 ||| FLEEEEING.
  4474 | D:6      | HP: 12/55 [something/puff of flame (11)]
  4475 | D:6      | Reached skill level 10 in Ranged Weapons
  4478 | D:6      | HP: 1/55 [something/magic dart (12)]
  4482 | D:6      | Killed from afar by an orc wizard

Levels and vault maps discovered:
D:1:      scummos_arrival_forest, layout_rooms
D:2:      layout_rooms, kennysheep_donut, dreamdust_wishing_well, uniq_natasha,
          uniq_sigmund, uniq_terence
D:3:      layout_rooms, amcnicky_altar_gilded
D:4:      layout_loops_ring, minmay_temple_entry_sparse_star,
          minmay_snake_closets, uniq_ijyb
D:5:      layout_basic, old_standard_altar, uniq_grinder
D:6:      layout_gridville, grunt_temple_overflow_forces_of_nature,
          nicolae_overflow_squiral, minmay_a_box_with_orc_wizards_in_it,
          uniq_eustachio
Temple:   hellmonk_temple_divided_pantheon

Skill      XL: |  1  2  3  4  5  6  7  8  9 |
---------------+----------------------------+-----
Armour         | 4 |  4.6
Ranged Weapons | 5 6 7 9 10 | 10.0
Fighting       | 3 4 6 |  6.0
Dodging        | 2 3 |  3.1
Stealth        | |  1.1

Action                     |  1- 3 |  4- 6 |  7- 9 || total
---------------------------+-------+-------+-------++-------
  Melee: Shortbow          |       |       |     3 ||     3
   Fire: Shortbow          |    87 |   119 |   320 ||   526
  Evoke: Wand              |       |     4 |     2 ||     6
    Use: Scroll            |     3 |     5 |     4 ||    12
         Potion            |     2 |     1 |     1 ||     4
 Armour: Leather armour    |    14 |       |       ||    14
         Ring mail         |     4 |    28 |   133 ||   165
         Robe              |       |    17 |    30 ||    47
  Dodge: Dodged            |    18 |    51 |   109 ||   178

Table legend:
 A = Non-vault XP
 B = Vault XP
 C = Vault XP percentage of total XP
 D = Non-vault monster count
 E = Vault monster count
 F = Vault count percentage of total count
                 A         B        C        D         E       F
            +---------+---------+-------+---------+---------+-------
      Total |    1857 |    1031 |  35.7 |     106 |      22 |  17.2
            +---------+---------+-------+---------+---------+-------
        D:1 |      37 |       0 |   0.0 |      23 |       0 |   0.0
        D:2 |     106 |     295 |  73.6 |      15 |       3 |  16.7
        D:3 |      58 |       0 |   0.0 |      15 |       0 |   0.0
        D:4 |     209 |     140 |  40.1 |      16 |      13 |  44.8
        D:5 |     385 |     258 |  40.1 |      10 |       1 |   9.1
        D:6 |    1062 |     338 |  24.1 |      27 |       5 |  15.6
            +---------+---------+-------+---------+---------+-------
